AoeStats
← OsmanGokcheck

Socotra

505955294Analyzed
3v3 RM · 21d ago on Sep 11, 2026· 33m 18s· 6 players
Game mode
Random Map
Map size
128×128
Population
200
Speed
Normal
Resources
Standard
Victory
Conquest
Starting age
Dark Age
Ending age
Imperial Age
RankedLock teamsTeams togetherTeam positionsShared explorationLock speedFull tech treeHidden civsTurbo modeCheats
Victory
Defeat
🇹🇷 Saracens · Türkiye
990
+13
🇩🇪 Bulgarians · Germany
918
+16
🇹🇷 Mongols · Türkiye
883
+17
🇺🇸 Cumans · United States
951
-17
🇲🇹 Spanish · Malta
897
-15
🇻🇪 Chinese · Venezuela
882
-14
MacuStar
0:43 Loom
13:37 Feudal Age
18:03 Double-Bit Axe
20:24 Arson
21:19 Man-at-Arms
rojasfelix253
0:30 Loom
2:01 Loom
10:10 Feudal Age
12:12 Wheelbarrow
11:47 Double-Bit Axe
16:12 Man-at-Arms
25:16 Castle Age
28:21 Hand Cart
Eduard IV
11:30 Feudal Age
23:08 Castle Age
Artor
2:35 Loom
2:56 Loom
3:19 Loom
13:06 Feudal Age
14:59 Arson
17:21 Forging
21:26 Scale Mail Armor
26:52 Castle Age
26:10 Horse Collar
28:44 Wheelbarrow
27:58 Double-Bit Axe
28:06 Gold Mining
28:13 Gambesons
30:17 Chain Mail Armor
31:52 Iron Casting
mulgezen
0:43 Loom
11:08 Feudal Age
12:24 Wheelbarrow
11:37 Double-Bit Axe
11:35 Horse Collar
13:15 Gold Mining
14:56 Stone Mining
20:40 Bloodlines
24:08 Castle Age
25:18 Hand Cart
25:22 Bow Saw
25:32 Heavy Plow
26:26 Stone Shaft Mining
26:47 Husbandry
26:08 Light Cavalry
27:48 Gold Shaft Mining
28:18 Forging
28:14 Scale Barding Armor
30:19 Iron Casting
30:04 Chain Barding Armor
OsmanGokcheck
3:26 Loom
7:08 Loom
10:00 Feudal Age
10:52 Double-Bit Axe
13:56 Fletching
21:29 Castle Age
20:02 Gold Mining
21:32 Crossbowman
22:19 Bodkin Arrow
26:00 Wheelbarrow
26:13 Padded Archer Armor
29:52 Leather Archer Armor
30:48 Thumb Ring
30:42 Horse Collar
Connection lost

Rejoining the realm…

Still unreachable

The connection could not be restored.

Session expired

The server has moved on; the page needs a fresh start.